 Dungeon Crawl Stone Soup version 0.23-a0-644-gb60d84b (webtiles) character file.

100 Borgoz the Skirmisher (level 4, -2/40 HPs)
             Began as a Ghoul Abyssal Knight on Jan 1, 2019.
             Was a Believer of Lugonu.
             Slain by a killer bee (4 damage)
             ... on level 3 of the Dungeon.
             The game lasted 00:03:20 (1743 turns).

Borgoz the Skirmisher (Ghoul Abyssal Knight)        Turns: 1743, Time: 00:03:21

Health: -2/40      AC:  6    Str: 13 (15) XL:     4   Next: 73%
Magic:  4/4        EV:  9    Int:  6 (7)  God:    Lugonu [**....]
Gold:   199        SH:  0    Dex:  8 (9)  Spells: 3/3 levels left

rFire    . . .     SeeInvis .   a - +1 hand axe
rCold    + . .     Gourm    .   (no shield)
rNeg     + + +     Faith    .   o - +0 scale mail
rPois    ∞         Spirit   .   (no helmet)
rElec    .         Reflect  .   (no cloak)
rCorr    .         Harm     .   (no gloves)
MR       .....                  (no boots)
Stlth    ..........             (no amulet)
HPRegen  0.00/turn              (no ring)
MPRegen  0.09/turn              (no ring)

@: rotting
A: rotting body, claws 1, carnivore, cold resistance 1, negative energy
resistance 3, inhibited regeneration, torment resistance, unbreathing
a: Depart the Abyss, Bend Space, Renounce Religion


You were on level 3 of the Dungeon.
You worshipped Lugonu.
Lugonu was pleased with you.
You were not hungry.

You visited 1 branch of the dungeon, and saw 3 of its levels.
You visited the Abyss 1 time.

You collected 199 gold pieces.

Inventory:

Hand Weapons
 a - a +1 hand axe (weapon)
Armour
 o - a +0 scale mail (worn)
Scrolls
 b - 3 scrolls of blinking {unknown}
 d - a scroll of fog {unknown}
 e - 3 scrolls of identify {unknown}
 f - 2 scrolls of teleportation {unknown}
 h - a scroll of noise {unknown}
 j - a scroll of magic mapping {unknown}
 k - a scroll of enchant armour {unknown}
Potions
 g - a potion of curing
 l - a potion of flight {unknown}
 m - a potion of degeneration
 n - a potion of ambrosia {unknown}
Comestibles
 c - 7 rations
 i - a chunk of flesh


   Skills:
 + Level 4.2 Fighting
 + Level 2.8 Axes
 + Level 2.1 Armour
 + Level 1.7 Dodging
 + Level 2.4 Invocations


You had 3 spell levels left.
You didn't know any spells.
Your spell library was empty.

Dungeon Overview and Level Annotations

Branches:
Dungeon (3/15)

Altars:
Wu Jian


Innate Abilities, Weirdness & Mutations

Your body is rotting away.
You thrive on raw meat.
You are immune to poison.
You have sharp fingernails.
You are carnivorous and can eat meat at any time.
Your flesh is cold resistant. (rC+)
You are immune to negative energy. (rN+++)
You do not regenerate when monsters are visible.
You are immune to unholy pain and torment.
You can survive without breathing.


Message History

You barely miss the killer bee. You hit the killer bee. x3
The killer bee stings you but does no damage. x2
The killer bee closely misses you. The killer bee stings you.
The killer bee barely misses you.
The killer bee stings you but does no damage. x2
The killer bee closely misses you. x2; The killer bee stings you!
The killer bee stings you.
* * * LOW HITPOINT WARNING * * *
It was a potion of degeneration.
There was something very wrong with that liquid.
You feel weakened.
You feel dopey.
You feel clumsy. The killer bee stings you.
* * * LOW HITPOINT WARNING * * *
The killer bee stings you but does no damage. x2
The killer bee barely misses you. The killer bee stings you.
* * * LOW HITPOINT WARNING * * *
The killer bee stings you.
* * * LOW HITPOINT WARNING * * *
The killer bee barely misses you. The killer bee stings you.
You die...

.#####..##.####.........
###.....................
#.....#....###...######
#.....#.##.# #...#
#.....#.##.###...# ###
....###..........# ....
#### ##.....##..# ...#
#.....#..y#....#
##....#..@yy...#
#.>..#.yyy....#
#....#........#
#....###.#....# ######
#.#..#.# #.##.#.# ..# (#
# ### .#


You could see 6 killer bees.

Vanquished Creatures
  Jessica (D:2)
  An adder (D:2)
  2 worms (D:2)
  A leopard gecko (D:1)
  6 bats
  2 giant cockroaches (D:2)
  8 goblins
  9 hobgoblins
  2 quokkas (D:2)
  A ball python (D:2)
  6 frilled lizards
  8 kobolds
  9 rats
  A fungus (D:1)
  A toadstool (D:1)
58 creatures vanquished.

Vanquished Creatures (others)
  4 toadstools (D:1)
4 creatures vanquished.

Grand Total: 62 creatures vanquished

Notes
Turn   | Place    | Note
-------+----------+-------------------------------------------
     0 | Abyss:1  | Borgoz the Ghoul Abyssal Knight began the quest for the
                  | Orb.
     0 | Abyss:1  | Reached XP level 1. HP: 19/19 MP: 1/1
    74 | Abyss:1  | Noticed a smoke demon
    75 | D:1      | Escaped the Abyss
   126 | D:1      | Reached * piety under Lugonu
   130 | D:1      | Reached skill level 1 in Dodging
   220 | D:1      | Reached XP level 2. HP: 21/26 MP: 2/2
   787 | D:2      | Reached skill level 4 in Fighting
   792 | D:2      | Reached XP level 3. HP: 33/33 MP: 3/3
   914 | D:2      | Found an ornate altar of the Wu Jian Council.
   922 | D:2      | Noticed Jessica
   945 | D:2      | Killed Jessica
   945 | D:2      | Reached XP level 4. HP: 21/40 MP: 4/4
  1046 | D:2      | Reached ** piety under Lugonu
  1439 | D:2      | Found a faded altar of an unknown god.
  1743 | D:3      | HP: 2/40 [killer bee (4)]
  1743 | D:3      | Slain by a killer bee

Vault maps used:
D:1:      denvon_arrival_waterhouse, minmay_gold_behind_fungi,
          minmay_misc_feat_alley
D:2:      overflow_temple_1_default, chequers_ecumenical_altar_simple,
          first_ration, serial_park_tiny_2, kennysheep_big_empty_room,
          uniq_jessica
D:3:      gammafunk_temple_overflow_pools, gammafunk_ghost_grave,
          minmay_fractal_squares_5
Abyss:1:  bh_silent_lugonu_exit, due_exit_kobolds, evilmike_abyss_exit_kraken

Skill      XL: |  1  2  3 |
---------------+----------+-----
Dodging        | 1 |  1.7
Axes           | 2 |  2.8
Fighting       | 4 |  4.2
Armour         | 2 |  2.1
Invocations    | |  2.4

Action                   |  1- 3 |  4- 6 || total
-------------------------+-------+-------++-------
Melee: Hand axe          |   104 |    89 ||   193
Invok: Depart the Abyss  |     1 |       ||     1
  Use: Potion            |       |     2 ||     2
  Eat: Chunk             |    11 |    18 ||    29
Armor: Leather armour    |    34 |     6 ||    40
       Scale mail        |       |    41 ||    41
Dodge: Dodged            |    56 |    57 ||   113

Table legend:
 A = Non-vault XP
 B = Vault XP
 C = Vault XP percentage of total XP
 D = Non-vault monster count
 E = Vault monster count
 F = Vault count percentage of total count
                 A         B        C        D         E       F
            +---------+---------+-------+---------+---------+-------
      Total |     106 |      37 |  25.9 |      55 |       1 |   1.8
            +---------+---------+-------+---------+---------+-------
        D:1 |      32 |       0 |   0.0 |      21 |       0 |   0.0
        D:2 |      69 |      37 |  34.9 |      31 |       1 |   3.1
        D:3 |       5 |       0 |   0.0 |       3 |       0 |   0.0
            +---------+---------+-------+---------+---------+-------
